Map: Blackpink LE

Players

SamuraiFunn - Winner!

  • Race: Protoss Protoss
  • League: Platinum
  • Spawn Location: 1:00

A.I. 1 (Very Hard)

  • Race: Protoss Protoss
  • Spawn Location: 7:00

VOD

Have the link to the VOD?

Description

Time

  • Played on: Nov. 28, 2017, 10:39 p.m.
  • Length: 7:04
Show
View Real Time Build Order
Export as new Build Order

SamuraiFunn Protoss - Winner!

Build Orders: Dark Templar Rush 

Get SALT Encoding   

  12  0:03  Probe  
  13  0:15  Probe  
  14  0:24  Pylon  
  14  0:28  Probe  
  15  0:42  Probe  
  16  0:47  Gateway  
  16  0:54  Probe  
  17  0:58  Assimilator  
  17  1:06  Probe  
  17  1:08  Pylon  
  18  1:21  Probe  
  19  1:33  Probe  
  19  1:39  Cybernetics Core  
  20  1:45  Probe  
  21  1:49  Zealot  
  21  1:52  Assimilator  
  23  1:57  Probe  
  24  2:10  Probe  
  25  2:22  Probe  
  26  2:33  Twilight Council  
  26  2:34  Probe  
  27  2:43  Nexus  
  27  2:50  Gateway  
  27  2:51  Warp Gate (Chrono Boost)  
  27  2:52  Gateway  
  27  2:58  Gateway  
  27  3:05  Probe  
  28  3:28  Pylon  
  28  3:42  Probe  
  28  3:43  Pylon  
  29  3:52  Dark Shrine  
  29  3:57  Pylon  
  29  4:01  Pylon  
  29  4:08  Probe x2  
  31  4:12  Assimilator  
  31  4:15  Assimilator  
  31  4:20  Probe x2  
  33  4:32  Probe x2  
  35  4:44  Probe x2  
  37  4:56  Probe x2  
  39  5:08  Dark Templar  
  39  5:09  Dark Templar x3  
  47  5:41  Dark Templar x2  
  47  5:42  Dark Templar x2  
  55  6:14  Probe  
  55  6:15  Probe  
  57  6:19  Stalker x2  
  57  6:22  Dark Templar x2  
  65  6:27  Probe  
Show
View Real Time Build Order
Export as new Build Order

A.I. 1 (Very Hard) Protoss 

Build Orders: 1 Gate Expand 

Get SALT Encoding   

  12  0:00  Probe  
  13  0:13  Probe  
  14  0:20  Pylon  
  14  0:25  Probe  
  15  0:38  Probe  
  16  0:50  Probe  
  16  0:51  Gateway  
  17  1:02  Probe  
  18  1:09  Assimilator  
  18  1:11  Pylon  
  18  1:14  Probe  
  19  1:27  Probe  
  20  1:33  Nexus  
  20  1:46  Cybernetics Core  
  20  1:48  Probe  
  21  1:55  Zealot  
  23  2:07  Gateway  
  23  2:09  Probe  
  24  2:19  Pylon  
  24  2:21  Probe  
  25  2:27  Zealot  
  27  2:33  Probe  
  27  2:34  Warp Gate  
  28  2:43  Assimilator  
  28  2:44  Probe  
  28  2:45  Probe  
  30  2:54  Adept  
  32  2:59  Adept  
  32  3:02  Probe  
  35  3:09  Pylon  
  35  3:10  Probe  
  36  3:21  Stalker  
  36  3:26  Probe, Stalker  
  41  3:36  Gateway, Probe  
  42  3:46  Probe  
  43  3:51  Stalker  
  43  3:54  Probe  
  46  3:56  Stalker  
  46  3:59  Probe  
  49  4:07  Probe  
  50  4:11  Probe  
  51  4:19  Probe  
  51  4:21  Stalker  
  51  4:23  Probe  
  55  4:26  Stalker x2  
  55  4:31  Probe  
  60  4:35  Probe, Pylon  
  61  4:41  Pylon  
  61  4:43  Probe  
  62  4:53  Probe  
  62  4:55  Probe  
  62  4:59  Stalker  
  66  5:04  Pylon, Stalker  
  66  5:05  Probe, Stalker  
  71  5:07  Probe  
  71  5:12  Pylon  
  72  5:17  Probe  
  72  5:19  Probe  
  74  5:22  Stalker  
  74  5:27  Stalker  
  74  5:28  Stalker  
  80  5:29  Probe  
  80  5:31  Probe, Pylon  
  80  5:34  Robotics Facility  
  80  5:42  Probe  
  77  5:43  Probe, Forge  
  77  5:49  Twilight Council  
  60  5:58  Zealot  
  30  6:19  Photon Cannon  
  30  6:20  Zealot  
  28  6:34  Templar Archives  
  28  6:37  Probe  
  17  6:48  Nexus  
  17  6:49  Probe  
Tags
 
League
Platinum
Matchup
PvP
Replay Pack
First 100 games
Spawn Locations
Cross Positions
Add a new tag
Caveats
  • Supply blocks, unpowered buildings, or Contaminate may cause inaccurate times.
  • Supply counts are checked every 10 seconds.